 Dungeon Crawl Stone Soup version 0.18.1-48-g4cf74bf (webtiles) character file.

26510 Ponchio the Fighter (level 13, -2/87 HPs)
             Began as a Gargoyle Fighter on Sept 10, 2016.
             Was the Champion of Qazlal.
             Slain by Kloppie's ghost (11 damage)
             ... in an ice cave.
             The game lasted 01:25:46 (13783 turns).

Ponchio the Fighter (Gargoyle Fighter)             Turns: 13783, Time: 01:25:47

Health: -2/87      AC: 25    Str: 26    XL:     13   Next: 26%
Magic:  13/13      EV: 16    Int:  9    God:    Qazlal [******]
Gold:   302        SH: 22    Dex: 12    Spells: 0 memorised, 12 levels left

rFire  x . .     SeeInvis .     n - +4 flail (crush)
rCold  + + .     Gourm    .     l - +1 robe {rC+}
rNeg   + + .     Faith    .     c - +1 shield
rPois  ∞         Spirit   .     t - +0 helmet
rElec  +         Dismiss  .     L - +2 cloak
rCorr  .         Reflect  .     (no gloves)
SustAt .         Harm     .     m - +0 pair of boots
MR     .....                    (no amulet)
Stlth  +.........               v - ring of positive energy
                                a - ring of ice

@: mighty, about to teleport, protected from physical damage, repel missiles,
not resistant to hostile enchantments, very unstealthy
A: rough black scales 1, negative energy resistance 1, electricity resistance,
unbreathing, petrification resistance, rot immunity, AC +9
a: Upheaval, Elemental Force, Disaster Area, Renounce Religion


You were in an ice cave.
You worshipped Qazlal.
Qazlal was exalted by your worship.
You were not hungry.

You visited 3 branches of the dungeon, and saw 15 of its levels.
You also visited: Ice Cave.

You collected 804 gold pieces.
You spent 502 gold pieces at shops.

Inventory:

Hand Weapons
 n - a +4 flail of crushing (weapon)
Armour
 c - a +1 shield (worn)
 l - a +1 robe of cold resistance (worn)
 m - a +0 pair of boots (worn)
 t - a +0 helmet (worn)
 y - a +0 ring mail
 L - a +2 cloak (worn)
Jewellery
 a - a ring of ice (left hand)
 h - an uncursed ring of see invisible
 v - a ring of positive energy (right hand)
 D - an uncursed ring of wizardry {unknown}
 I - an uncursed ring of resist corrosion
 K - an uncursed ring of wizardry {unknown}
Wands
 d - a wand of enslavement (7/24)
 i - a wand of flame (23/48)
 w - a wand of disintegration (3/24)
 G - a wand of iceblast (8/15)
 H - a wand of iceblast (7/15)
 J - a wand of slowing (19/48)
 N - a wand of slowing (30/48)
Scrolls
 b - a scroll of fear
 e - 2 scrolls of magic mapping
 g - 2 scrolls of remove curse
 j - 5 scrolls of identify
 p - a scroll of recharging
 u - a scroll of amnesia
 z - 2 scrolls of enchant armour
Potions
 k - 2 potions of lignification
 q - 3 potions of flight
 A - a potion of magic
Books
 o - a book of the Earth

   Spells                             Type                      Level
   a - Leda's Liquefaction            Hexes/Earth                  4
   b - Bolt of Magma                  Conjuration/Fire/Earth       5
   c - Statue Form                    Transmutation/Earth          6
   d - Iron Shot                      Conjuration/Earth            6
   e - Shatter                        Earth                        9
Miscellaneous
 E - a lamp of fire (inert)
Comestibles
 f - 7 bread rations
 x - 4 meat rations
 B - a beef jerky
 C - 8 slices of pizza


   Skills:
 + Level 12.4 Fighting
 + Level 11.4 Maces & Flails
 - Level 6.5 Armour
 * Level 9.5 Dodging
 + Level 10.9 Shields


You had 12 spell levels left.
You didn't know any spells.

Dungeon Overview and Level Annotations

Branches:
Dungeon (9/15)             Temple (1/1) D:4            Lair (5/8) D:9
 Shoals (0/4) Lair:4       Spider (0/4) Lair:4
    Orc: D:9-12

Altars:
Ashenzari
Cheibriados
Dithmenos
Elyvilon
Fedhas
Gozag
Kikubaaqudgha
Makhleb
Nemelex Xobeh
Okawaru
Pakellas
Qazlal
Ru
Sif Muna
Trog
Vehumet
Xom
Yredelemnul
Zin
The Shining One

Shops:
D:6 ?   D:7 =   D:9 !

Annotations:
IceCv Kloppie's ghost, journeyman CeBe


Innate Abilities, Weirdness & Mutations

You are resistant to torment.
Your stone body is resilient (AC +9).
You are immune to poison.
You resist negative energy.
You are resistant to electric shocks.
You can survive without breathing.
You are immune to petrification.
You are immune to rotting.
You are partially covered in rough black scales (AC +4, Dex -1).


Message History

The ice devil barely misses you. You block the ice devil's attack.
The ice devil hits you.
* * * LOW HITPOINT WARNING * * *
The ice devil freezes you. You resist.
* * * LOW HITPOINT WARNING * * *
Drink which item? (? for menu, Esc to quit)
Okay, then.
Read which item? (? for menu, Esc to quit)
As you read the scroll of teleportation, it crumbles to dust.
You feel strangely unstable.
Kloppie's ghost is engulfed in roaring flames.
Kloppie's ghost hits you.
* * * LOW HITPOINT WARNING * * *
You feel more protected from physical attacks.
You block the ice devil's attack. The ice devil closely misses you.
The ice devil hits you but does no damage.
You hit Kloppie's ghost.
Kloppie's ghost is almost destroyed.
Kloppie's ghost hits you!
You die...

#### ##
##..##
#..##....##
.........4#
......∩∩44#
.##....§W@#
###..§4##
##..## ####


You could see 4 ice devils and Kloppie's ghost.

Vanquished Creatures
  2 hydras (Lair:2)
  Fannar (Lair:2)
  2 orc knights (D:9)
  2 griffons (Lair:4)
  An orc sorcerer (D:9)
  A manticore (Lair:4)
  A black mamba (Lair:3)
  4 spiny frogs
  A centaur skeleton (D:8)
  4 komodo dragons
  2 rime drakes
  A jumping spider (Lair:4)
  2 trolls (D:9)
  A polar bear (Lair:4)
  A two-headed ogre (D:9)
  9 blink frogs
  A redback (Lair:4)
  A wraith (D:7)
  4 fire bats (Lair:4)
  8 hippogriffs
  A hog (D:8)
  A human (D:8)
  24 yaks
  2 hungry ghosts (D:9)
  14 wargs
  4 water moccasins
  Duvessa (D:6)
  5 porcupines
  2 black bears
  10 orc warriors
  A sky beast (D:8)
  A wasp (D:8)
  3 ice beasts
  4 phantoms
  5 ogres
  7 wolves
  3 centaurs
  15 crocodiles (Lair:3)
  8 giant frogs
  Dowan (D:6)
  A scorpion (D:4)
  9 killer bees
  3 electric eels
  A howler monkey (D:9)
  3 wights (D:9)
  6 crimson imps
  A giant frog zombie (D:8)
  A centaur zombie (D:8)
  3 jellies
  4 orc wizards
  7 orc priests
  10 hounds
  6 iguanas
  Terence (D:3)
  5 worker ants
  3 sheep (D:8)
  A hound zombie (D:6)
  2 worker ant zombies
  33 river rats
  7 adders
  12 gnolls
  A shadow imp (D:6)
  An adder zombie (D:8)
  2 adder skeletons
  2 worms
  A dart slug (D:3)
  13 giant geckos
  54 orcs
  9 bats
  5 giant cockroaches
  13 goblins
  9 hobgoblins
  13 jackals
  7 kobolds
  6 quokkas
  A giant gecko skeleton (D:3)
  16 giant newts
  5 rats
  7 fungi
  18 plants
463 creatures vanquished.

Vanquished Creatures (others)
  3 orcs (D:9)
  2 fungi
  5 plants
10 creatures vanquished.

Grand Total: 473 creatures vanquished

Notes
Turn   | Place    | Note
--------------------------------------------------------------
     0 | D:1      | Ponchio the Gargoyle Fighter began the quest for the Orb.
     0 | D:1      | Reached XP level 1. HP: 14/14 MP: 1/1
   112 | D:1      | Reached XP level 2. HP: 19/19 MP: 2/2
   389 | D:1      | Found a glowing golden altar of the Shining One.
   415 | D:1      | Reached XP level 3. HP: 23/24 MP: 3/3
   768 | D:2      | Found a radiant altar of Vehumet.
   812 | D:2      | Reached skill level 4 in Fighting
  1005 | D:2      | Reached XP level 4. HP: 26/29 MP: 4/4
  1191 | D:3      | Noticed Terence
  1205 | D:3      | Killed Terence
  1481 | D:3      | Reached XP level 5. HP: 21/34 MP: 5/5
  1496 | D:3      | Reached skill level 5 in Fighting
  1614 | D:3      | Reached XP level 6. HP: 29/40 MP: 6/6
  1633 | D:3      | Reached skill level 6 in Fighting
  1651 | D:3      | Reached skill level 5 in Maces & Flails
  1907 | D:3      | Found a snail-covered altar of Cheibriados.
  2070 | D:3      | Found a shimmering altar of Xom.
  2070 | D:3      | Found a burning altar of Makhleb.
  2190 | D:3      | Found a basalt altar of Yredelemnul.
  2335 | D:4      | Reached XP level 7. HP: 47/47 MP: 7/7
  2706 | D:4      | Reached skill level 7 in Fighting
  2712 | D:4      | Found a staircase to the Ecumenical Temple.
  2735 | Temple   | Entered the Ecumenical Temple
  2753 | Temple   | Became a worshipper of Qazlal Stormbringer
  2882 | D:5      | Entered Level 5 of the Dungeon
  3589 | D:6      | Noticed Duvessa
  3589 | D:6      | Noticed Dowan
  3675 | D:6      | Killed Duvessa
  3675 | D:6      | Reached skill level 1 in Dodging
  3675 | D:6      | Reached XP level 8. HP: 53/53 MP: 8/8
  3687 | D:6      | Killed Dowan
  3973 | D:6      | Found Irue's Magic Scroll Shoppe.
  3979 | D:6      | Bought a scroll of identify for 30 gold pieces
  3979 | D:6      | Bought a scroll of identify for 30 gold pieces
  3979 | D:6      | Bought a scroll of enchant weapon for 112 gold pieces
  4042 | D:6      | Found an opulent altar of Gozag.
  4042 | D:6      | Found a shattered altar of Ashenzari.
  4500 | D:7      | Found a blossoming altar of Fedhas.
  4602 | D:7      | Reached * piety under Qazlal
  4813 | D:7      | Reached skill level 8 in Fighting
  4813 | D:7      | Reached XP level 9. HP: 53/59 MP: 9/9
  4893 | D:7      | Found Mekh's Jewellery Boutique.
  5082 | D:7      | Reached skill level 5 in Shields
  5164 | D:7      | Bought an uncursed ring of see invisible for 210 gold pieces
  5193 | D:8      | Reached skill level 5 in Armour
  5801 | D:8      | Gained mutation: You are partially covered in rough black scales (AC +4, Dex -1). [potion of beneficial mutation]
  6091 | D:8      | Reached ** piety under Qazlal
  6180 | D:8      | Reached skill level 9 in Fighting
  6180 | D:8      | Reached XP level 10. HP: 39/66 MP: 10/10
  7220 | D:9      | Reached *** piety under Qazlal
  7233 | D:9      | Found Gerublack's Distillery.
  7286 | D:9      | Bought a potion of heal wounds for 75 gold pieces
  7351 | D:9      | Reached skill level 5 in Dodging
  7363 | D:9      | Reached skill level 10 in Fighting
  7639 | D:9      | Reached XP level 11. HP: 67/72 MP: 11/11
  7769 | D:9      | Found a staircase to the Lair.
  7953 | D:9      | Reached **** piety under Qazlal
  8298 | D:9      | Noticed an orc knight
  8311 | D:9      | Killed an orc knight
  8392 | D:9      | Bought a potion of curing for 45 gold pieces
  8471 | D:9      | Noticed an orc sorcerer
  8474 | D:9      | Paralysed by an orc sorcerer for 2 turns
  8829 | D:9      | Reached ***** piety under Qazlal
  8829 | D:9      | Reached skill level 10 in Maces & Flails
  8881 | D:9      | Noticed an orc knight
  8906 | D:9      | Killed an orc knight
  9327 | D:9      | Killed an orc sorcerer
  9327 | D:9      | Reached skill level 11 in Fighting
  9517 | Lair:1   | Entered Level 1 of the Lair of Beasts
  9676 | Lair:1   | Reached XP level 12. HP: 77/80 MP: 12/12
  9838 | Lair:1   | Noticed Fannar
 10695 | Lair:2   | Killed Fannar
 11299 | Lair:3   | Noticed a six-headed hydra
 11318 | Lair:3   | Noticed an eight-headed hydra
 11330 | Lair:2   | Killed an eight-headed hydra
 11541 | Lair:2   | HP: 1/80 [six-headed hydra (11)]
 11543 | Lair:2   | Killed a six-headed hydra
 11543 | Lair:2   | Reached skill level 10 in Shields
 12059 | Lair:3   | Reached skill level 12 in Fighting
 12693 | Lair:4   | Reached XP level 13. HP: 46/86 MP: 13/13
 12985 | Lair:4   | Reached ****** piety under Qazlal
 13185 | Lair:4   | Found a hole to the Spider Nest.
 13278 | Lair:4   | Found a staircase to the Shoals.
 13727 | Lair:5   | Found a frozen archway.
 13736 | IceCv    | Entered an ice cave
 13745 | IceCv    | Noticed Kloppie's ghost (journeyman CeBe)
 13783 | IceCv    | Slain by Kloppie's ghost

Skill      XL: |  1  2  3  4  5  6  7  8  9 10 11 12 13 |
---------------+----------------------------------------+-----
Maces & Flails | 3 4 5 6 7 8 9 10 11 | 11.4
Fighting       | 4 5 6 7 8 9 10 11 12 | 12.4
Dodging        | 1 2 3 5 6 8 9 |  9.5
Armour         | 4 6 |  6.5
Shields        | 4 6 7 9 10 | 10.9

Action                   |  1- 3 |  4- 6 |  7- 9 | 10-12 | 13-15 || total
-------------------------+-------+-------+-------+-------+-------++-------
Melee: Flail             |   174 |   175 |   364 |   896 |   144 ||  1753
Invok: Upheaval          |       |       |       |       |     1 ||     1
Evoke: Wand              |       |       |     1 |       |     3 ||     4
       Lamp of fire      |       |       |       |       |     1 ||     1
  Use: Potion            |       |     5 |     5 |     4 |     5 ||    19
       Scroll            |       |       |     8 |    14 |     3 ||    25
  Eat: Chunk             |     1 |     5 |     8 |    21 |     2 ||    37
       Pizza             |       |       |     2 |       |       ||     2
       Beef jerky        |       |       |     1 |     2 |     1 ||     4
       Fruit             |       |       |       |     2 |       ||     2
Armor: Scale mail        |   101 |    76 |    97 |       |       ||   274
       Skin              |       |    41 |       |       |       ||    41
       Ring mail         |       |       |    50 |   278 |    38 ||   366
       Robe              |       |       |       |       |    21 ||    21
Dodge: Dodged            |    59 |    57 |   129 |   290 |    75 ||   610
       Deflected         |       |       |       |     1 |     1 ||     2
Block: Shield            |   107 |   116 |   198 |   744 |   190 ||  1355
